cohdb
Replays
Latest Replays
All Replays
Popular Replays
Top Player Replays
Match Explorer
How It Works
Community
CoH3 Stats
Reddit
Sign in to upload your games and track your stats! →
Sign in with Steam
Match 46747356
Unlisted
Match 46747356
Overview
Messages
Build Orders
End
Royal Engineer Section
Construct Section Command Post
Infantry Section
Vickers Machine Gun Team
Infantry Section
Construct Platoon Command Post
Humber Armored Car
Construct Field Infirmary
Grenade Package
6-pounder Anti-tank Gun Team
Selects Australian Defense Battlegroup
Selects CMP 15cwt Supply Run
Selects Reinforced Resource Caches
Construct Company Command Post
Infantry Section
Crusader II Medium Tank
Selects Australian Light Infantry Section
Selects Archer Tank Destroyer
Crusader II Medium Tank
Crusader II Medium Tank
Selects Defensive Tactics
Selects Vehicle Over Repair
Crusader II Medium Tank
Stana
aSIIDemolitionHammer
Rolling9Deep
daspoulos
0
0
Comments
sign in to comment!
No comments posted yet!